 Dungeon Crawl Stone Soup version 0.25-a0-869-g05d4e06a41 (console) character file.

Game seed: 3429048312737095649, levelgen mode: classic

667 Duffy the Chopper (level 7, -2/93 HPs)
             Began as a Naga Fighter on May 1, 2020.
             Slain by a water moccasin (6 damage)
             ... on level 5 of the Dungeon.
             The game lasted 00:06:23 (5690 turns).

Duffy the Chopper (Naga Fighter)                    Turns: 5690, Time: 00:06:24

Health: -2/93      AC:  5    Str: 24    XL:     7   Next: 57%
Magic:  7/7        EV:  6    Int: 10    God:
Gold:   261        SH: 10    Dex: 10    Spells: 6/6 levels left

rFire    + . .     SeeInvis +   a - +0 war axe
rCold    . . .     Gourm    .   c - +0 kite shield
rNeg     . . .     Faith    .   y - +0 scale mail
rPois    +         Spirit   .   (no helmet)
rElec    .         Reflect  .   (no cloak)
rCorr    .         Harm     .   (no gloves)
MR       .....                  (no barding)
Stlth    ..........             (no amulet)
HPRegen  0.25/turn              z - ring of protection from fire
MPRegen  0.10/turn              s - +5 ring of strength

@: berserking, lethally poisoned (-2 -> -13), quick
A: large, see invisible, deformed body, poison resistance, slowness 2, slow
metabolism 1, spit poison 1, AC +2
a: Spit Poison


You were on level 5 of the Dungeon.
You were not hungry.

You visited 1 branch of the dungeon, and saw 5 of its levels.
You also visited: Ossuary.

You collected 261 gold pieces.

Inventory:

Hand Weapons
 a - a +0 war axe (weapon)
 b - a +0 morningstar of draining
 x - a +1 spear of chaos
Missiles
 q - 2 atropa-tipped darts (quivered)
Armour
 c - a +0 kite shield (worn)
 y - a +0 scale mail (worn)
Jewellery
 p - an uncursed ring of magical power
 s - a +5 ring of strength (right hand)
 v - an uncursed ring of fire
 z - a ring of protection from fire (left hand)
Scrolls
 e - 2 scrolls of remove curse
 g - 2 scrolls of teleportation
 j - 2 scrolls of magic mapping {unknown}
 l - a scroll of enchant weapon {unknown}
 u - 2 scrolls of random uselessness {unknown}
 w - a scroll of amnesia {unknown}
 B - 2 scrolls of fog
Potions
 d - 3 potions of might
 h - a potion of flight
 i - a potion of berserk rage
 m - a potion of brilliance
 n - 2 potions of lignification
 o - 3 potions of haste
 r - a potion of mutation
 t - a potion of resistance
Comestibles
 f - 9 rations


   Skills:
 - Level 3.0 Fighting
 + Level 6.0 Axes
 - Level 2.4 Armour
 + Level 5.3 Shields


You had 6 spell levels left.
You didn't know any spells.
Your spell library was empty.

Dungeon Overview and Level Annotations

Branches:
Dungeon (5/15)            Ossuary (visited)
 Temple: D:4-7

Altars:
Cheibriados
Dithmenos
Elyvilon
Hepliaklqana
Kikubaaqudgha
Nemelex Xobeh
Xom

Annotations:
D:4 Grinder


Innate Abilities, Weirdness & Mutations

You cannot wear boots.
Your serpentine skin is tough. (AC +2)
You have supernaturally acute eyesight. (SInv)
Armour fits poorly on your strangely shaped body.
Your system is resistant to poisons. (rPois)
You cover ground very slowly.
You have a slow metabolism.
You can spit poison.


Message History

You barely miss the water moccasin.
The water moccasin is severely wounded.
You feel sick. The water moccasin bites you.
You are lethally poisoned!
The water moccasin poisons you! The water moccasin bites you.
You closely miss the water moccasin.
The water moccasin is severely wounded.
You feel sick. The water moccasin bites you.
A jackal comes into view.
a - a +0 war axe (weapon)
You feel sick.
The jackal barks!
The water moccasin bites you.
You closely miss the water moccasin.
The water moccasin is severely wounded.
You feel sick.
You block the water moccasin's attack. x2
A red film seems to cover your vision as you go berserk!
You feel yourself moving faster!
You feel mighty!
You feel sick. The water moccasin bites you.
You die...

#. #.# #.#### #. #.# #.#...
#. #.# #...# ##.##.####.#
#...# .........#.# #.###
###...#.########...#
#.#....(.........#.# #
###.###(##.........#...
#.#....@Sh##.........# .#
##.###)###.##......[..#...
#..S.#.#...##...........#.
#..).###...##.........#...
##.o........##.........##.#
............................#
##########.####...........###
#.# #.####.##..... #.. ..#
#)# ...##


You could see a water moccasin and a jackal.

Vanquished Creatures
  A crimson imp (D:4)
  2 centaur zombies (Ossuary)
  4 hounds
  A human zombie (Ossuary)
  Jessica (D:3)
  An orc wizard (D:5)
  An iguana (D:3)
  A worker ant (D:4)
  2 big kobold zombies (Ossuary)
  A hound skeleton (D:4)
  2 mummies (Ossuary)
  A howler monkey skeleton (D:4)
  12 adders
  A white imp (D:4)
  An ooze (D:1)
  An adder zombie (D:5)
  2 worms
  7 dart slugs
  3 leopard geckos
  7 orcs
  9 bats
  3 giant cockroaches
  3 goblins
  5 hobgoblins
  5 jackals
  5 kobolds
  2 quokkas
  3 ball pythons
  3 frilled lizards
  2 goblin zombies (Ossuary)
  12 hobgoblin zombies (Ossuary)
  A jackal zombie (Ossuary)
  8 kobold zombies (Ossuary)
  5 orc zombies (Ossuary)
  A quokka skeleton (D:4)
  5 rats
  3 rat zombies (Ossuary)
127 creatures vanquished.

Notes
Turn   | Place    | Note
-------+----------+-------------------------------------------
     0 | D:1      | Duffy the Naga Fighter began the quest for the Orb.
     0 | D:1      | Reached XP level 1. HP: 21/21 MP: 1/1
   358 | D:1      | Reached XP level 2. HP: 14/28 MP: 2/2
   771 | D:1      | Reached XP level 3. HP: 34/34 MP: 3/3
  1289 | D:2      | Found a hazy altar of Hepliaklqana.
  1376 | D:2      | Reached skill level 3 in Axes
  1719 | D:2      | Reached XP level 4. HP: 22/42 MP: 4/4
  1898 | D:2      | Found a sparkling altar of Nemelex Xobeh.
  1902 | D:2      | Found an ancient bone altar of Kikubaaqudgha.
  1903 | D:2      | Found a shadowy altar of Dithmenos.
  2503 | D:3      | Noticed Jessica
  2507 | D:3      | Killed Jessica
  2507 | D:3      | Reached XP level 5. HP: 48/49 MP: 5/5
  2571 | D:3      | Reached skill level 4 in Axes
  2613 | D:3      | Found a snail-covered altar of Cheibriados.
  2979 | D:3      | Found a shimmering altar of Xom.
  3061 | D:3      | Found a white marble altar of Elyvilon.
  3367 | D:3      | Reached XP level 6. HP: 10/56 MP: 6/6
  4057 | D:4      | Reached skill level 5 in Axes
  4691 | D:4      | Reached XP level 7. HP: 59/62 MP: 7/7
  4720 | D:5      | Entered Level 5 of the Dungeon
  4720 | D:5      | Noticed Grinder
  4816 | D:5      | Found a sand-covered staircase.
  4820 | Ossuary  | Entered an ossuary
  4951 | Ossuary  | Reached skill level 5 in Shields
  5420 | D:5      | Reached skill level 6 in Axes
  5689 | D:5      | HP: 3/62 [poisoned by a water moccasin]
  5690 | D:5      | Slain by a water moccasin

Levels and vault maps discovered:
D:1:      dpeg_arrival_circle_labyrinth_a, layout_basic, nrook_uturn
D:2:      layout_basic, lemuel_round_altar, grunt_temple_overflow_open,
          dk_vineyard_3
D:3:      layout_rooms, nicolae_overflow_crystal_walls, kennysheep_slug_shrine,
          first_ration, minmay_misc_feat_rows, tgw_xom, uniq_jessica
D:4:      layout_rooms, minmay_fire_ice_demons
D:5:      layout_loops_ring, lemuel_round_altar, nicolae_ossuary_entry_plus,
          uniq_grinder

Skill      XL: |  1  2  3  4  5  6  7 |
---------------+----------------------+-----
Shields        | 3 4 5 |  5.3
Axes           | 3 4 5 6 |  6.0
Fighting       | |  3.0
Armour         | |  2.4

Action                   |  1- 3 |  4- 6 |  7- 9 || total
-------------------------+-------+-------+-------++-------
Melee: War axe           |    79 |   229 |   153 ||   461
       Morningstar       |       |    61 |    11 ||    72
Throw: Dart              |       |     2 |     6 ||     8
 Abil: Spit Poison       |     5 |     2 |       ||     7
  Use: Potion            |       |     2 |     2 ||     4
       Scroll            |       |     9 |     3 ||    12
  Eat: Chunk             |     1 |     9 |     1 ||    11
       Ration            |       |       |     1 ||     1
Armor: Scale mail        |    49 |   150 |    45 ||   244
Dodge: Dodged            |    32 |    99 |    38 ||   169
Block: Kite shield       |    42 |   200 |    66 ||   308

Table legend:
 A = Non-vault XP
 B = Vault XP
 C = Vault XP percentage of total XP
 D = Non-vault monster count
 E = Vault monster count
 F = Vault count percentage of total count
                 A         B        C        D         E       F
            +---------+---------+-------+---------+---------+-------
      Total |     588 |     365 |  38.3 |      77 |      50 |  39.4
            +---------+---------+-------+---------+---------+-------
        D:1 |      37 |       0 |   0.0 |      15 |       0 |   0.0
        D:2 |      92 |       0 |   0.0 |      17 |       0 |   0.0
        D:3 |     145 |      62 |  30.0 |      26 |      10 |  27.8
        D:4 |     225 |      60 |  21.1 |      14 |       2 |  12.5
        D:5 |      89 |       0 |   0.0 |       5 |       0 |   0.0
    Ossuary |       0 |     243 | 100.0 |       0 |      38 | 100.0
            +---------+---------+-------+---------+---------+-------
